 Dungeon Crawl Stone Soup version 0.21.1-1-g345015f (webtiles) character file.

9 Monsterracer the Shield-Bearer (level 2, -2/27 HPs)
             Began as a Deep Dwarf Fighter on June 3, 2018.
             Slain by Natasha (3 damage)
             ... on level 2 of the Dungeon.
             The game lasted 00:00:11 (182 turns).

Monsterracer the Shield-Bearer (Deep Dwarf Fighter)  Turns: 182, Time: 00:00:12

Health: -2/27      AC:  6    Str: 19    XL:     2   Next: 3%
Magic:  2/2        EV:  7    Int:  8    God:
Gold:   25         SH:  9    Dex: 12    Spells: 1/1 levels left

rFire    . . .     SeeInvis .   a - +0 war axe
rCold    . . .     Gourm    .   f - +0 shield
rNeg     . . .     Faith    .   b - +0 scale mail
rPois    .         Spirit   .   (no helmet)
rElec    .         Reflect  .   (no cloak)
rCorr    .         Harm     .   (no gloves)
MR       .....                  (no boots)
Stlth    ..........             (no amulet)
HPRegen  0.00/turn              (no ring)
MPRegen  0.08/turn              (no ring)

@: non-regenerating, slowed, very slow
A: damage resistance, heal wounds, sense surroundings 1, no regeneration
a: Heal Wounds


You were on level 2 of the Dungeon.
You were not hungry.

You visited 1 branch of the dungeon, and saw 2 of its levels.

You collected 25 gold pieces.

Inventory:

Hand Weapons
 a - a +0 war axe (weapon)
Armour
 b - a +0 scale mail (worn)
 f - a +0 shield (worn)
Scrolls
 e - a scroll of remove curse {unknown}
Potions
 d - a potion of might
Comestibles
 c - a ration


   Skills:
 + Level 2.7 Fighting
 * Level 2.5 Axes
 + Level 3.3 Armour
 + Level 0.5 Dodging
 + Level 3.4 Shields


You had one spell level left.
You didn't know any spells.

Dungeon Overview and Level Annotations

Branches:
Dungeon (2/15)

Altars:

Annotations:
D:2 Natasha


Innate Abilities, Weirdness & Mutations

You are resistant to damage.
You can heal yourself by infusing magical energy.
You passively map a small area around you.
You do not regenerate.


Message History

No target in view!
Things that are here:
a chain mail; a cloak No target in view!
Key pressed, stopping explore.
No target in view!
No target in view!
No target in view!
No target in view!
No target in view!
(D) Dungeon
Where to? (? - help)
There is a stone staircase leading down here.
You climb downwards.
A goblin, Natasha and a dart slug come into view.
Natasha hisses angrily.
The goblin shouts!
You hear a shout! x2
Found a scroll labeled ZOAXKUASYQ.
There is a stone staircase leading up here.
There are monsters nearby!
There are monsters nearby!
There are monsters nearby!
A kobold comes into view.
The kobold shouts!
A goblin comes into view. It is wielding a dagger.
The goblin shouts!
Natasha casts a spell at you.
You feel yourself slow down.
A kobold comes into view. It is wielding a short sword.
You block the goblin's attack. The goblin barely misses you.
The goblin hits you but does no damage.
Found a leather armour.
A goblin and a hobgoblin come into view.
You slash the goblin!
You kill the goblin!
You slash the goblin!
You kill the goblin!
Your shield and scale mail prevent you from hitting the dart slug.
The kobold throws a stone.
The stone hits you but does no damage.
Natasha stares at you and mumbles some strange words.
The magic dart hits you! The dart slug launches a dart at you.
The slug dart hits you!
A rat comes into view.
You take 3 damage, and have 17/20 hp.
You hit the dart slug but do no damage. The dart slug closely misses you.
The kobold hits you but does no damage. You block the dart slug's attack.
You hit the dart slug but do no damage. You hit the kobold.
You kill the kobold!
The goblin hits you. The kobold hits you with a short sword.
You block the dart slug's attack. Natasha barely misses you.
The goblin hits you.
You take 3 damage, and have 14/20 hp.
You closely miss Natasha. You hit the kobold.
You kill the kobold!
You slash the goblin!
You kill the goblin!
You have reached level 2!
You hit the dart slug but do no damage. The dart slug barely misses you.
Natasha claws you. You block the rat's attack.
You block the dart slug's attack.
Natasha stares at you and mumbles some strange words.
The magic dart hits you!
You hit Natasha.
Natasha is moderately wounded.
Your shield prevents you from hitting the hobgoblin.
You hit the rat. You hit the dart slug but do no damage.
The rat barely misses you. The hobgoblin closely misses you.
Natasha barely misses you. The dart slug launches a dart at you.
The slug dart hits you! The rat bites you but does no damage.
You block the hobgoblin's attack. Natasha closely misses you.
The dart slug launches a dart at you. The slug dart hits you!
You closely miss Natasha.
Natasha is moderately wounded.
You hit the hobgoblin but do no damage. You slash the rat!
You kill the rat!
You hit the dart slug. You block the hobgoblin's attack.
Natasha howls an incantation.
Natasha glows brightly for a moment.
Natasha casts a spell at you. The magic dart hits you!
* * * LOW HITPOINT WARNING * * *
The hobgoblin hits you. Natasha barely misses you.
You block the dart slug's attack.
A frilled lizard comes into view.
You take 9 damage, and have 5/27 hp.
MASSIVE DAMAGE!!
MP restored: 2 You are too injured to fight recklessly!
You are too injured to fight recklessly!
The frilled lizard hisses angrily.
You hit Natasha.
Natasha is heavily wounded.
You hit the dart slug. You closely miss the hobgoblin.
The hobgoblin closely misses you. Natasha claws you.
* * * LOW HITPOINT WARNING * * *
You block the hobgoblin's attack. The dart slug launches a dart at you.
The slug dart misses you. Natasha claws you.
You die...

, #. , *
** ... ,,
* #.# * *
,, #..# *
*, ...
####*
###.#* * ,
,....*
##<..# **
,
#..##†.###
, * *
#.)@w..# ,
, ###gh..#
, , * *
##l..# ,
,..?... *
,##......[
* #...#.#.
, #.......
, #....##
*


You could see Natasha, a dart slug, a hobgoblin and a frilled lizard.

Vanquished Creatures
  3 goblins (D:2)
  A hobgoblin (D:1)
  A bat (D:1)
  A frilled lizard (D:1)
  2 kobolds (D:2)
  A rat (D:2)
9 creatures vanquished.

Notes
Turn   | Place    | Note
-------+----------+-------------------------------------------
     0 | D:1      | Monsterracer the Deep Dwarf Fighter began the quest for the Orb.
     0 | D:1      | Reached XP level 1. HP: 20/20 MP: 1/1
   172 | D:2      | Noticed Natasha
   179 | D:2      | Reached XP level 2. HP: 18/27 MP: 2/2
   182 | D:2      | HP: 1/27 [Natasha (4)]
   182 | D:2      | Slain by Natasha

Action                   || total
-------------------------++-------
Melee: War axe           ||    18
Armor: Scale mail        ||    11
Dodge: Dodged            ||    14
Block: Shield            ||    17

Vault maps used:
D:1:      dpeg_arrival_radiant, minmay_close_crescents
D:2:      uniq_crazy_yiuf_cottage, uniq_natasha
